 Dungeon Crawl Stone Soup version 0.31-a0-1469-gd420192249 (webtiles) character file.

Game seed: 5628328630967189000

18340 whatisthis the Warrior (level 12, 0/219 HPs)
             Began as an Oni Berserker on Dec 28, 2023.
             Was a Priest of Trog.
             Slain by a minotaur
             ... wielding the +3 glaive of Dominance {flame, Int+4}
              (8 damage)
             ... in a Gauntlet.
             The game lasted 00:36:45 (15956 turns).

whatisthis the Warrior (Oni Berserker)             Turns: 15956, Time: 00:36:46

Health: 0/219      AC: 15    Str: 33    XL:     12   Next: 57%
Magic:  12/12      EV:  7    Int:  8    God:    Trog [***...]
Gold:   616        SH:  0    Dex:  8    Spells: 11/11 levels left

rFire   . . .        E - +0 morningstar
rCold   . . .        (no shield)
rNeg    . . .        Z - +0 storm dragon scales
rPois   .            A - +2 hat
rElec   +            K - +0 cloak
rCorr   .            (gloves unavailable)
SInv    .            (boots unavailable)
Will    ++++.        (no amulet) Stlth
                     t - ring of Cilun {Fly Str+5 Stlth+}
HPRegen 1.56/turn    O - ring of willpower
MPRegen 0.13/turn

%: no teleportation
@: berserking (expiring), strong-willed (expiring), flying, regenerating
(expiring), very quick
A: large, unfitting armour, horns 1, tough skin 1, double potion healing,
drunken brawling
a: Renounce Religion, Berserk, Trog's Hand


You were in a Gauntlet.
You worshipped Trog.
Trog was most pleased with you.
You visited 1 branch of the dungeon, and saw 13 of its levels.
You also visited: Gauntlet.

You collected 616 gold pieces.

Inventory:

Hand Weapons
 n - a +2 dagger of venom
 E - a +0 morningstar (weapon)
Missiles
 d - 4 silver javelins (quivered)
 j - 4 boomerangs
 s - 14 poisoned darts
 z - 4 curare-tipped darts
 N - 2 throwing nets
 Q - 4 javelins
Armour
 a - a +2 robe of cold resistance
 b - a +2 robe of willpower
 q - a +2 robe of fire resistance
 A - a +2 hat (worn)
 K - a +0 cloak (worn)
 Z - +0 storm dragon scales (worn)
Jewellery
 t - the ring of Cilun (left hand) {Fly Str+5 Stlth+}
   (You found it in a Gauntlet)

   [ring of flight]

   Str+5:     It affects your strength (+5).
   Fly:       It grants you flight.
   Stlth+:    It makes you more stealthy.
 v - a ring of protection from fire
 O - a ring of willpower (right hand)
 S - a ring of protection from cold
 Y - a ring of ice
Wands
 k - a wand of flame (32)
 l - a wand of light (8)
 r - a wand of paralysis (13)
 w - a wand of mindburst (12)
 V - a wand of iceblast (2)
Scrolls
 e - 2 scrolls of noise {unknown}
 i - 3 scrolls of fear {unknown}
 o - 3 scrolls of poison {unknown}
 p - a scroll of fog {unknown}
 y - a scroll of torment {unknown}
 B - 4 scrolls of teleportation
 C - a scroll of revelation {unknown}
 D - 3 scrolls of identify {unknown}
 F - 3 scrolls of immolation
 M - 2 scrolls of silence {unknown}
 R - a scroll of brand weapon {unknown}
 U - a scroll of enchant armour {unknown}
Potions
 c - 3 potions of heal wounds {unknown}
 f - 4 potions of curing {unknown}
 g - a potion of invisibility {unknown}
 h - a potion of cancellation {unknown}
 m - 3 potions of brilliance {unknown}
 u - 2 potions of attraction {unknown}
 x - 3 potions of berserk rage {unknown}
 G - 6 potions of haste {unknown}
 H - 2 potions of degeneration {unknown}
 J - 3 potions of mutation {unknown}
 L - a potion of might {unknown}
 T - 2 potions of resistance {unknown}
 X - 2 potions of lignification


   Skills:
 + Level 16.5 Fighting
 + Level 12.8 Maces & Flails
 - Level 9.3 Throwing
 + Level 3.5 Armour
 - Level 2.6 Dodging


You had 11 spell levels left.
You didn't know any spells.
Your spell library was empty.

Dungeon Overview and Level Annotations

Branches:
Dungeon (13/15)            Temple (0/1) D:6            Lair (0/5) D:8
    Orc (0/2) D:10        Gauntlet (1/1)
 Vaults: D:13-14

Altars:
Cheibriados
Dithmenos
Elyvilon
Gozag
Hepliaklqana
Qazlal
Ru
Sif Muna
Trog
Vehumet
Xom
Zin
The Shining One

Portals:
Abyss: D:4

Annotations:
D:4 2 transporters, SecretSquirrel's ghost, novice GrGl
D:7 1 runed translucent door, Crazy Yiuf
D:10 2 transporters
D:11 1 runed translucent door, jasper's ghost, journeyman OnFi Gauntlet 8 transporters, 1 runed translucent door


Innate Abilities, Weirdness & Mutations

You are too large for most types of armour.
You have a pair of small horns on your head.
You have tough skin. (AC +1)
You gain doubled healing and magic from potions.
Whenever you drink a healing potion, you attack all around you.


Message History

You puncture the minotaur! Your headbutt misses the minotaur.
The minotaur is lightly wounded.
The minotaur hits you with the +3 glaive of Dominance {flame, Int+4}!!
* * * LOW HITPOINT WARNING * * *
The minotaur burns you.
* * * LOW HITPOINT WARNING * * *
The minotaur gores you.
* * * LOW HITPOINT WARNING * * *
You barely miss the minotaur. You headbutt the minotaur.
The minotaur is moderately wounded.
You feel the effects of Trog's Hand fading.
You hit the minotaur.
You headbutt the minotaur, but do no damage.
The minotaur is moderately wounded.
The minotaur hits you with the +3 glaive of Dominance {flame, Int+4}!!
* * * LOW HITPOINT WARNING * * *
The minotaur burns you!
* * * LOW HITPOINT WARNING * * *
The minotaur gores you.
* * * LOW HITPOINT WARNING * * *
You barely miss the minotaur.
The minotaur is moderately wounded.
The minotaur hits you with the +3 glaive of Dominance {flame, Int+4}!
* * * LOW HITPOINT WARNING * * *
The minotaur burns you.
* * * LOW HITPOINT WARNING * * *
The minotaur closely misses you.
Press: ? - help, v - describe, . - travel
Here: a minotaur, wielding the +3 glaive of Dominance {flame, Int+4}, wearing a +0 plate armour, wearing a ring of protection from cold and quivering javelins (moderately wounded)
The floor, spattered with blood.
Unknown command.
You are too berserk!
You puncture the minotaur!
You headbutt the minotaur, but do no damage.
The minotaur is moderately wounded.
You bludgeon the minotaur!!
You headbutt the minotaur, but do no damage.
The minotaur is severely wounded.
The minotaur hits you with the +3 glaive of Dominance {flame, Int+4}!
You die...

#...##≈...#
..##.##.♣.###.P.#
#.##......##..♣.#
.##....##.♣.#.....#
...##.##...#.♣P..#
#.##....©.#.....#
#....##...#.....#
######.##.##.©.#.....#
#∩..H@.##......#..∩...
######....##.©.#.....#
#....##.##...#.....#
#....##.##....©.#.P...#
..## #....##...#.♣P..#
..##.##.♣.#...P.#
#.##......##..♣.#
#....##.♣.###...# ###
###...##≈...#


You could see a minotaur.

Vanquished Creatures
  Kirke (D:12)
  A dire elephant (Gauntlet)
  A two-headed ogre (D:9)
  A centaur warrior (D:11)
  Pikel (D:6)
  3 ugly things (D:12)
  A manticore (D:12)
  7 elephants (Gauntlet)
  A torpor snail (Gauntlet)
  A gargoyle (D:12)
  3 kobold demonologists
  An unseen horror (D:11)
  3 trolls
  A hornet (D:7)
  Prince Ribbit (D:7)
  4 slime creatures (D:12)
  Sigmund (D:2)
  A wraith (D:9)
  A vampire (D:11)
  2 hogs (D:12)
  16 yaks
  A basilisk (D:12)
  A steam dragon (D:10)
  2 vampire mosquitoes (D:10)
  Menkaure (D:6)
  2 swamp worms (Gauntlet)
  Duvessa (D:6)
  A sky beast (D:7)
  4 orc warriors
  2 ice beasts
  3 ogres
  2 wolves (D:7)
  3 centaurs
  A kobold brigand (D:9)
  4 bullfrogs
  A scorpion (D:5)
  Dowan (D:6)
  5 wights
  7 howler monkeys
  An electric eel (D:12)
  3 bombardier beetles
  7 orc priests
  5 hounds
  3 sleepcaps
  A gnoll bouda (D:7)
  7 iguanas
  17 orc wizards
  Robin (D:2)
  8 gnolls
  4 adders
  2 shadow imps
  3 white imps
  4 worms
  4 dart slugs
  27 orcs
  7 ball pythons
  6 bats
  5 endoplasms
  10 goblins
  11 hobgoblins
  2 jackals (D:4)
  3 quokkas
  2 training dummies (D:6)
  7 frilled lizards
  12 kobolds
  6 rats
  A spectral goblin (D:4)
263 creatures vanquished.

Vanquished Creatures (collateral kills)
  A slime creature (D:12)
1 creature vanquished.

Vanquished Creatures (others)
  A shadow (D:12)
  2 humans (D:12)
3 creatures vanquished.

Grand Total: 267 creatures vanquished

Notes
Turn   | Place    | Note
-------+----------+-------------------------------------------
     0 | D:1      | whatisthis the Oni Berserker began the quest for the Orb.
     0 | D:1      | Reached XP level 1. HP: 24/24 MP: 1/1
   232 | D:1      | Reached XP level 2. HP: 31/33 MP: 2/2
   733 | D:2      | Reached XP level 3. HP: 34/41 MP: 3/3
   954 | D:2      | Reached skill level 5 in Fighting
  1077 | D:2      | Noticed Sigmund
  1091 | D:2      | Killed Sigmund
  1092 | D:2      | Reached skill level 6 in Fighting
  1092 | D:2      | Reached XP level 4. HP: 40/53 MP: 4/4
  1092 | D:2      | Reached XP level 5. HP: 46/61 MP: 5/5
  1232 | D:2      | Reached ** piety under Trog
  1266 | D:2      | Reached skill level 5 in Maces & Flails
  1325 | D:2      | Noticed Robin
  1332 | D:2      | Killed Robin
  1333 | D:2      | Reached XP level 6. HP: 54/68 MP: 6/6
  1983 | D:3      | Reached skill level 7 in Fighting
  2116 | D:3      | Found a sacrificial altar of Ru.
  2148 | D:3      | Found a shimmering altar of Xom.
  2167 | D:3      | Found an opulent altar of Gozag.
  2525 | D:4      | Noticed an ice beast
  2534 | D:4      | Killed an ice beast
  2583 | D:4      | Reached *** piety under Trog
  2584 | D:4      | Reached XP level 7. HP: 73/78 MP: 7/7
  2751 | D:4      | Found a stormy altar of Qazlal.
  2811 | D:4      | Noticed SecretSquirrel's ghost (novice GrGl)
  2816 | D:4      | Noticed a small abomination
  2819 | D:4      | Reached skill level 8 in Fighting
  2868 | D:4      | Found a glowing golden altar of the Shining One.
  2868 | D:4      | Found a white marble altar of Elyvilon.
  2869 | D:4      | Found a glowing silver altar of Zin.
  2904 | D:4      | Found a radiant altar of Vehumet.
  2934 | D:4      | Found a hazy altar of Hepliaklqana.
  3070 | D:4      | Noticed a toenail golem
  3134 | D:4      | Found a one-way gate to the infinite horrors of the Abyss.
  3147 | D:4      | Found a transporter.
  3151 | D:4      | Found a transporter.
  3479 | D:5      | Entered Level 5 of the Dungeon
  3713 | D:5      | Reached skill level 9 in Fighting
  3713 | D:5      | Reached XP level 8. HP: 62/92 MP: 8/8
  3951 | D:5      | Found a snail-covered altar of Cheibriados.
  4052 | D:5      | Found a shimmering blue altar of Sif Muna.
  4164 | D:5      | Found a shadowy altar of Dithmenos.
  4961 | D:6      | Reached skill level 10 in Fighting
  5288 | D:6      | Noticed Menkaure
  5298 | D:6      | Killed Menkaure
  5298 | D:6      | Reached **** piety under Trog
  5299 | D:6      | Reached skill level 1 in Throwing
  5515 | D:6      | Reached XP level 9. HP: 91/102 MP: 9/9
  5906 | D:6      | Noticed Duvessa
  5906 | D:6      | Noticed Dowan
  5913 | D:6      | Killed Dowan
  5914 | D:6      | Reached skill level 11 in Fighting
  5917 | D:6      | HP: 6/157 [Duvessa/+1 rapier of electrocution (9)]
  5920 | D:6      | Killed Duvessa
  6428 | D:6      | Found a staircase to the Ecumenical Temple.
  6838 | D:7      | Noticed Pikel
  6858 | D:6      | Killed Pikel
  7014 | D:7      | Noticed Prince Ribbit
  7019 | D:7      | Killed Prince Ribbit
  7041 | D:7      | Reached skill level 12 in Fighting
  7326 | D:7      | Found a runed translucent door.
  7327 | D:7      | Noticed Crazy Yiuf
  7936 | D:7      | Reached skill level 5 in Throwing
  7936 | D:7      | Reached XP level 10. HP: 92/117 MP: 10/10
  8508 | D:8      | Found a staircase to the Lair.
  8868 | D:8      | Identified the ring of Xom's Flight of Fancy {^Drain Fly
                  | Int+3 Dex+2 Slay+2}
  9187 | D:9      | Noticed a two-headed ogre
  9305 | D:9      | Reached skill level 10 in Maces & Flails
  9420 | D:9      | Reached skill level 13 in Fighting
 10523 | D:9      | Killed a two-headed ogre
 10865 | D:10     | Entered Level 10 of the Dungeon
 10870 | D:10     | Noticed a five-headed hydra
 10884 | D:10     | Noticed a black mamba
 10884 | D:10     | Noticed a purple ugly thing
 10927 | D:10     | Reached XP level 11. HP: 82/128 MP: 11/11
 11062 | D:10     | Found a staircase to the Orcish Mines.
 11077 | D:10     | Found a bloodstained altar of Trog.
 11089 | D:10     | Reached skill level 14 in Fighting
 11590 | D:10     | Noticed an ogre mage
 11682 | D:10     | Found a transporter.
 11682 | D:10     | Found a transporter.
 11682 | D:10     | Identified the ring of Hihokezas {Wiz Will+ Dex+3}
 11682 | D:10     | Noticed a centaur warrior
 11795 | D:11     | Noticed a centaur warrior
 11805 | D:10     | Noticed a sixfirhy
 11810 | D:10     | Noticed a sixfirhy
 12640 | D:11     | Found a runed translucent door.
 12642 | D:11     | Identified the +6 spear of Famine {pain, Str+3}
 12642 | D:11     | Noticed jasper's ghost (journeyman OnFi)
 12643 | D:11     | Noticed a spriggan rider
 13157 | D:11     | Killed a centaur warrior
 13158 | D:11     | Reached skill level 15 in Fighting
 13634 | D:12     | Noticed a cyan ugly thing
 13654 | D:12     | Killed a cyan ugly thing
 13833 | D:12     | Noticed Kirke
 13857 | D:12     | Killed Kirke
 14195 | D:12     | Reached XP level 12. HP: 91/143 MP: 12/12
 14821 | D:12     | Reached skill level 1 in Armour
 14958 | D:13     | Found a gate leading to a gauntlet.
 14970 | Gauntlet | Entered a Gauntlet
 14970 | Gauntlet | Found a transporter.
 14981 | Gauntlet | Found a transporter.
 14981 | Gauntlet | Found a transporter.
 14994 | Gauntlet | Found a transporter.
 14996 | Gauntlet | Found a transporter.
 15004 | Gauntlet | Found a transporter.
 15020 | Gauntlet | Noticed a dire elephant
 15023 | Gauntlet | Found a transporter.
 15027 | Gauntlet | Found a runed translucent door.
 15031 | Gauntlet | Found a transporter.
 15041 | Gauntlet | Found a transporter.
 15041 | Gauntlet | Noticed a catoblepas
 15046 | Gauntlet | Found a transporter.
 15046 | Gauntlet | Found a transporter.
 15074 | Gauntlet | Found a transporter.
 15074 | Gauntlet | Found a transporter.
 15126 | Gauntlet | Found a transporter.
 15228 | Gauntlet | Identified the +5 hand axe "Raeco" {vamp, ^Fragile rC+
                  | Int+3}
 15238 | Gauntlet | Reached skill level 16 in Fighting
 15495 | Gauntlet | Identified the ring of Cilun {Fly Str+5 Stlth+}
 15794 | Gauntlet | Killed a dire elephant
 15946 | Gauntlet | Identified the +3 glaive of Dominance {flame, Int+4}
 15946 | Gauntlet | Noticed a minotaur
 15954 | Gauntlet | HP: 9/219 [minotaur/the +3 glaive of Dominance {flame,
                  | Int+4} (15)]
 15956 | Gauntlet | Slain by a minotaur

Illustrated notes

Levels and vault maps discovered:
D:1:      scummos_arrival_simple_fountains, layout_loops_cross
D:2:      layout_basic, uniq_robin, uniq_sigmund
D:3:      layout_rooms, mainiacjoe_overflow_surrounded_room,
          mainiacjoe_overflow_alcove_1, overflow_temple_1_default
D:4:      layout_basic, good_gods_temple_1, mainiacjoe_overflow_six_doors_small,
          mainiacjoe_overflow_small_starburst,
          nicolae_hepliaklqana_monster_ancestors,
          gammafunk_ghost_abyssal_escape, minmay_fountain_box
D:5:      layout_basic, mainiacjoe_overflow_alcove_4, lemuel_round_altar,
          mainiacjoe_overflow_tiny_flanked
D:6:      dreamdust_elfheim, layout_layer_cave, minmay_temple_entry_fiery,
          uniq_menkaure
D:7:      layout_cave_pools, serial_column_ruins, column_ruins_grid_1,
          column_ruins_columns_straight, column_ruins_columns_straight,
          column_ruins_open_small_water, uniq_pikel, uniq_prince_ribbit1,
          uniq_crazy_yiuf_cottage
D:8:      layout_cave_pools, erik_lair_orcish_takeover, kennysheep_potato
D:9:      layout_cave_pods, st_stairs_3, minmay_misc_feat_nine_boxes
D:10:     gammafunk_the_bubble [the_bubble_gammafunk_plus_minus], layout_rooms,
          mainiacjoe_overflow_paths
D:11:     layout_loops_ring, ebering_ghost_funeral_grove
D:12:     minmay_klotski, layout_loops_corners, kennysheep_generic_room_4,
          uniq_kirke
D:13:     kennysheep_blocky_room, layout_rooms, serial_library,
          serial_library_hellmonk_layered_room,
          serial_library_hellmonk_semicircle, serial_library_hellmonk_h_bend,
          serial_library_hellmonk_junction,
          serial_library_regret_index_double_sided,
          serial_library_hellmonk_reading_circle, gauntlet_entry_generic,
          lemuel_old_faithful
Gauntlet: minmay_gauntlet_77_tree [minmay_gauntlet_arena_77_double_cross,
          minmay_gauntlet_arena_77_museum,
          minmay_gauntlet_arena_77_chump_sandwich,
          minmay_gauntlet_arena_77_terracotta_army,
          minmay_gauntlet_arena_77_path,
          minmay_gauntlet_arena_77_radiant_squares,
          minmay_gauntlet_arena_77_broken_ladder, gauntlet_exit_green]

Skill      XL: |  1  2  3  4  5  6  7  8  9 10 11 12 |
---------------+-------------------------------------+-----
Fighting       | 6 7 9 10 12 13 15 16 | 16.5
Maces & Flails | 4 5 7 8 9 10 12 | 12.8
Throwing       | 1 5 7 9 |  9.3
Armour         | 3 |  3.5
Dodging        | |  2.6

Action                     |  1- 3 |  4- 6 |  7- 9 | 10-12 || total
---------------------------+-------+-------+-------+-------++-------
  Melee: Mace              |    62 |   128 |    89 |       ||   279
         Headbutt          |    13 |    19 |    68 |   109 ||   209
         Punch             |     1 |     4 |     6 |    10 ||    21
         Dagger            |       |     5 |       |       ||     5
         Flail             |       |       |   123 |       ||   123
         Morningstar       |       |       |   118 |   461 ||   579
  Throw: Stone             |     2 |    11 |    12 |    55 ||    80
         Dart              |       |       |    20 |    32 ||    52
 Invoke: Berserk           |     1 |     1 |     5 |     8 ||    15
         Trog's Hand       |       |       |     1 |     8 ||     9
         Brothers in Arms  |       |       |       |     1 ||     1
  Evoke: Wand              |       |       |     7 |     5 ||    12
    Use: Scroll            |       |       |       |     3 ||     3
   Stab: Sleeping          |     1 |       |       |       ||     1
 Armour: Animal skin       |    32 |    97 |   142 |       ||   271
         Robe              |       |       |   131 |   305 ||   436
         Storm dragon scal |       |       |       |   147 ||   147
  Dodge: Dodged            |    35 |    57 |   158 |   212 ||   462

Table legend: (Time is in decaauts)
 A = Elapsed time spent in this place.
 B = Non-inter-level travel time spent in this place.
 C = Inter-level travel time spent in this place.
 D = Time resting spent in this place.
 E = Time spent auto-exploring this place.
 F = Levels seen in this place.
 G = Mean time per level.
                   A        B        C        D        E       F      G
               +--------+--------+--------+--------+--------+-----+--------+
         Total |  16094 |  15467 |    627 |   3999 |   8468 |  14 | 1149.6 |
       Dungeon |  15097 |  14470 |    627 |   3428 |   8248 |  13 | 1161.3 |
      Gauntlet |    996 |    996 |      0 |    571 |    220 |   1 |  996.0 |
               +--------+--------+--------+--------+--------+-----+--------+

Top non-repeatable levels by time:
     D:6: 2049 daAuts
    D:12: 1562 daAuts
     D:7: 1556 daAuts
     D:9: 1454 daAuts
    D:10: 1285 daAuts
     D:5: 1276 daAuts
    D:11: 1245 daAuts
     D:4: 1090 daAuts
     D:2: 1044 daAuts
Gauntlet: 996 daAuts
     D:8: 986 daAuts
     D:3: 798 daAuts
     D:1: 730 daAuts
    D:13: 17 daAuts
